 Dungeon Crawl Stone Soup version 0.24.0-125-gc4c63601f3 (webtiles) character file.

Game seed: 11420741928578264204, levelgen mode: deterministic

54 P0ring the Ducker (level 3, -2/28 HPs)
             Began as a Merfolk Gladiator on Mar 9, 2020.
             Killed from afar by Blork the orc (8 damage)
             ... with a puff of flame
             ... on level 4 of the Dungeon.
             The game lasted 00:07:49 (984 turns).

P0ring the Ducker (Merfolk Gladiator)                Turns: 984, Time: 00:07:49

Health: -2/28      AC:  5    Str: 15    XL:     3   Next: 91%
Magic:  3/3        EV: 14    Int:  7    God:
Gold:   83         SH:  0    Dex: 15    Spells: 2/2 levels left

rFire    . . .     SeeInvis .     - Unarmed
rCold    + . .     Gourm    .   (no shield)
rNeg     . . .     Faith    .   g - +1 leather armour {rC+}
rPois    .         Spirit   .   b - +0 helmet
rElec    .         Reflect  .   (no cloak)
rCorr    .         Harm     .   (no gloves)
MR       .....                  (no boots)
Stlth    +.........             (no amulet)
HPRegen  0.09/turn              (no ring)
MPRegen  0.08/turn              (no ring)

@: no status effects
A: change form in water, swift swim, stealthy swim
a: no special abilities


You were on level 4 of the Dungeon.
You were not hungry.

You visited 1 branch of the dungeon, and saw 3 of its levels.

You collected 83 gold pieces.

Inventory:

Missiles
 c - 3 throwing nets (quivered)
 j - 6 boomerangs
Armour
 a - a +0 leather armour
 b - a +0 helmet (worn)
 g - a +1 leather armour of cold resistance (worn)
Jewellery
 e - a +4 amulet of reflection {unknown}
Scrolls
 i - a scroll of identify {unknown}
Potions
 f - 2 potions of curing {unknown}
 h - 2 potions of lignification {unknown}
 k - a potion of invisibility {unknown}
 l - a potion of magic {unknown}
Comestibles
 d - 2 rations


   Skills:
 + Level 2.5 Fighting
 + Level 2.0 Throwing
 + Level 0.4 Armour
 + Level 5.0 Dodging
 + Level 0.9 Stealth
 + Level 3.9 Unarmed Combat


You had 2 spell levels left.
You didn't know any spells.
Your spell library was empty.

Dungeon Overview and Level Annotations

Branches:
Dungeon (4/15)
 Temple: D:4-7

Altars:
Cheibriados

Annotations:
D:4 Blork the orc


Message History

You hit Blork the orc.
Blork the orc is heavily wounded.
Blork the orc hits you with a +1 long sword of holy wrath!
Blork the orc points at you and mumbles some strange words.
The magic dart hits you.
* * * LOW HITPOINT WARNING * * *
You hit Blork the orc but do no damage.
Blork the orc is heavily wounded.
Blork the orc hits you but does no damage.
You hit Blork the orc.
Blork the orc is severely wounded.
Blork the orc barely misses you.
You closely miss Blork the orc.
Blork the orc is severely wounded.
Blork the orc barely misses you.
You hit Blork the orc.
Blork the orc is severely wounded.
Blork the orc gestures at you while chanting.
The puff of flame hits you!
You die...

.............#.....
#..#........#.....
###########........#.#.##
..........#.#......#.#.##
............#......#.#.##
...................#.#.##
..................# #.##
###..##.######....# ...
#....@o.........# #.#
#...#......!#.... ...
#...#.#####.# .....#.#
###...#.# ......#
##.###.# .. ...


You could see Blork the orc.

Vanquished Creatures
  An adder (D:4)
  An ooze (D:4)
  A worm (D:4)
  3 dart slugs (D:1)
  A giant cockroach (D:1)
  4 goblins
  6 hobgoblins
  A ball python (D:1)
  6 bats
  A frilled lizard (D:1)
  4 kobolds (D:1)
  3 rats (D:1)
32 creatures vanquished.

Notes
Turn   | Place    | Note
-------+----------+-------------------------------------------
     0 | D:1      | P0ring the Merfolk Gladiator began the quest for the Orb.
     0 | D:1      | Reached XP level 1. HP: 16/16 MP: 1/1
   129 | D:1      | Reached XP level 2. HP: 20/23 MP: 2/2
   143 | D:1      | Found a snail-covered altar of Cheibriados.
   519 | D:1      | Reached XP level 3. HP: 25/28 MP: 3/3
   765 | D:2      | You fall into a shaft and drop 2 floors!
   969 | D:4      | Noticed Blork the orc
   974 | D:4      | Reached skill level 5 in Dodging
   984 | D:4      | Killed from afar by Blork the orc

Levels and vault maps discovered:
D:1:      dpeg_arrival_leaves_temple_mockup, layout_rooms, cheibriados_altar_1
D:2:      layout_loops_ring, minivault_14
D:4:      minmay_razor_zed, layout_basic, temple_fountains, first_ration,
          uniq_blork_the_orc, uniq_natasha

Skill      XL: |  1  2  3 |
---------------+----------+-----
Dodging        | 5 |  5.0
Fighting       | |  2.5
Throwing       | |  2.0
Armour         | |  0.4
Stealth        | |  0.9
Unarmed Combat | |  3.9

Action                   || total
-------------------------++-------
Melee: Unarmed           ||   126
       Punch             ||     4
 Stab: Sleeping          ||     2
Armor: Leather armour    ||    33
Dodge: Dodged            ||   101
